 Dungeon Crawl Stone Soup version 0.30.0-15-g856e2d3f33 (webtiles) character file.

Game seed: 10437843407227715764

3702 Jackthecabe the Skirmisher (level 10, -17/48 HPs)
             Began as a Tengu Hexslinger on May 19, 2023.
             Was an Elder of Elyvilon.
             Killed from afar by a wretched star (30 damage)
             ... with a lance of force
             ... on level 1 of the Abyss.
             The game lasted 00:26:20 (9585 turns).

Jackthecabe the Skirmisher (Tengu Hexslinger)       Turns: 9585, Time: 00:26:21

Health: -17/48     AC:  8    Str: 11      XL:     10   Next: 13%
Magic:  14/14      EV: 14    Int: 13      God:    Elyvilon [****..]
Gold:   370        SH:  0    Dex: 18 (19) Spells: 3/13 levels left

rFire   . . .        b - +2 short sword (venom)
rCold   . . .        (no shield)
rNeg    . . .        z - +2 ring mail {rPois}
rPois   +            (helmet restricted)
rElec   .            (no cloak)
rCorr   .            d - +0 pair of gloves
SInv    .            (boots unavailable)
Will    .....        h - amulet of regeneration
Stlth   +            x - ring of wizardry {wiz+}
HPRegen 1.08/turn    (no ring)
MPRegen 0.14/turn

%: wizardry (x1)
@: about to teleport, flying quickly and evasively, quick
A: beak, talons 3, nimble flight, [deterioration 2], [frail 2]
a: Renounce Religion, Purification, Heal Other, Heal Self


You were on level 1 of the Abyss.
You worshipped Elyvilon.
Elyvilon was greatly pleased with you.
You visited 1 branch of the dungeon, and saw 8 of its levels.
You visited the Abyss 1 time.

You collected 520 gold pieces.
You spent 150 gold pieces at shops.

Inventory:

Hand Weapons
 a - a +2 sling
 b - a +2 short sword of venom (weapon)
   (You took it off a kobold on level 8 of the Dungeon)
 v - a +2 short sword of holy wrath
   (You took it off a kobold on level 4 of the Dungeon)
 N - a +0 shortbow
   (You took it off a centaur on level 8 of the Dungeon)
Missiles
 m - 17 poisoned darts
 F - 2 throwing nets {=f, !d}
 K - a curare-tipped dart
 L - 4 boomerangs of dispersal {=f}
Armour
 d - a +0 pair of gloves (worn)
   (You found it on level 1 of the Dungeon)
 r - a +0 leather armour
   (You found it on level 3 of the Dungeon)
 z - a +2 ring mail of poison resistance (worn)
   (You took it off Ijyb on level 5 of the Dungeon)
 E - +0 steam dragon scales
   (You found it on level 7 of the Dungeon)
 M - a +2 cloak
   (You found it on level 8 of the Dungeon)
Jewellery
 h - an amulet of regeneration (around neck)
   (You found it on level 1 of the Dungeon)
 x - a ring of wizardry (left hand) {wiz+}
   (You found it on level 5 of the Dungeon)
 A - a ring of resist corrosion
   (You took it off an orc on level 5 of the Dungeon)
Wands
 c - a wand of charming (17)
   (You took it off Ijyb on level 5 of the Dungeon)
Scrolls
 e - 2 scrolls of butterflies
 f - 2 scrolls of torment {unknown}
 g - a scroll of enchant armour {unknown}
 i - 6 scrolls of identify {@r1}
 l - a scroll of brand weapon {unknown}
 n - 4 scrolls of fog
 p - a scroll of silence {unknown}
 q - a scroll of enchant weapon
 t - a scroll of poison {!r}
 y - a scroll of blinking {unknown}
 H - 2 scrolls of amnesia {unknown}
Potions
 k - a potion of invisibility
 o - a potion of lignification {!q}
 s - 6 potions of curing {@q1, !d}
 u - 2 potions of berserk rage {!q}
 w - 3 potions of attraction {unknown}
 B - a potion of brilliance {unknown}
 C - 2 potions of heal wounds {@q2, !d}
 D - a potion of mutation {unknown}
 G - a potion of ambrosia {unknown}
 I - a potion of resistance {unknown}
 J - 2 potions of haste
 O - 2 potions of flight {unknown}


   Skills:
 - Level 6.1 Fighting
 - Level 8.0 Ranged Weapons
 - Level 4.0 Dodging
 * Level 0.0 Stealth
 - Level 2.0 Spellcasting
 - Level 5.2 Hexes
 - Level 4.0 Fire Magic
 - Level 4.0 Air Magic
 + Level 4.0 Poison Magic
 - Level 4.0 Invocations


You had 3 spell levels left.
You knew the following spells:

 Your Spells              Type           Power      Damage    Failure   Level
a - Inner Flame           Hex/Fire       13%        N/A       12%         3
b - Poisonous Vapours     Pois/Air       22%        N/A       8%          2
c - Olgreb's Toxic Radia  Pois           11%        N/A       41%         4
s - Slow                  Hex            56%        N/A       3%          1

Your spell library contained the following spells:

 Spells                   Type           Power      Damage    Failure   Level
 Sting                    Tmut/Pois      24%        1d4       11%         1
 Apportation              Tloc           2%         N/A       24%         1
 Portal Projectile        Hex/Tloc       16%        N/A       26%         3
 Sublimation of Blood     Necr           1%         N/A       34%         2
 Cause Fear               Hex            7%         N/A       28%         4
 Petrify                  Tmut/Erth      1%         N/A       91%         4
 Alistair's Intoxication  Tmut/Pois      4%         N/A       95%         5
 Blade Hands              Tmut           0%         N/A       99%         5
 Irradiate                Conj/Tmut      0%         3d11      99%         5
 Dragon Form              Tmut           0%         N/A       100%        7


Dungeon Overview and Level Annotations

Branches:
Dungeon (8/15)             Temple (0/1) D:4
   Lair: D:8-11

Altars:
Elyvilon
Hepliaklqana
Qazlal
Xom

Shops:
D:5 (   D:7 **

Annotations:
D:3 exclusion: 2 doors
D:4 Sigmund
D:6 1 runed translucent door, Crazy Yiuf, Maggie
D:7 2 runed translucent doors, AverageBear's ghost, novice OpFi
D:8 Psyche


Innate Abilities, Weirdness & Mutations

You have a beak for a mouth.
You have claws for feet.
Your magical nature lets you fly swiftly and evasively.
[Your body often deteriorates upon taking damage.]
[You are very frail. (-20% HP)]


Message History

You take 14 damage, and have 34/60 hp.
MASSIVE DAMAGE!!
Unknown command.
Okay, then.
Unknown command.
The demonic crawler attacks as you move away!
The demonic crawler hits you but does no damage. x2
The demonic crawler misses you.
Really read
j - 2 scrolls of teleportation {!r!d, @r3}?
As you read the scroll of teleportation {!r!d, @r3}, it crumbles to dust.
You feel strangely unstable.
You feel the power of the Abyss delaying your translocation!
The ufetubus hits you but does no damage.
The ufetubus barely misses you. The demonic crawler closely misses you.
The demonic crawler hits you.
The demonic crawler hits you but does no damage.
The ufetubus hits you but does no damage.
The ufetubus misses you.
You take 4 damage, and have 31/60 hp.
The ufetubus attacks as you move away! The ufetubus completely misses you.
The ufetubus barely misses you.
The demonic crawler attacks as you move away!
The demonic crawler barely misses you. The demonic crawler closely misses you.
The demonic crawler hits you. The ufetubus attacks as you move away!
The ufetubus closely misses you.
The ufetubus hits you but does no damage.
You take 2 damage, and have 30/60 hp.
The ynoxinul gestures.
The demonic crawler attacks as you move away!
The demonic crawler hits you! The demonic crawler closely misses you.
The demonic crawler misses you.
You take 13 damage, and have 20/60 hp.
MASSIVE DAMAGE!!
You can now call upon Elyvilon for divine vigour.
The ufetubus barely misses you.
The ufetubus hits you but does no damage.
You are healed.
You can no longer call upon Elyvilon for divine vigour.
The ufetubus hits you but does no damage. x2
The demonic crawler barely misses you. The demonic crawler hits you!
The demonic crawler completely misses you.
You regained 10 hp, and now have 31/60 hp.
You now have 12/14 mp.
The ynoxinul gestures.
The ufetubus attacks as you move away! The ufetubus closely misses you.
The ufetubus hits you.
You take 2 damage, and have 32/60 hp.
Found a gateway leading deeper into the Abyss.
You are suddenly pulled into a different region of the Abyss!
You start resting.
Health restored: 60; MP restored: 14 A wretched star comes into view.
Something hits you!
Deactivating autopickup; reactivate with Ctrl-A.
You take 8 damage, and have 52/60 hp.
Something hits you. Something completely misses you.
You take 1 damage, and have 51/60 hp.
Something hits you.
You take 4 damage, and have 48/60 hp.
Something hits you. x2
You take 8 damage, and have 41/60 hp.
Something hits you but does no damage. x2
Something barely misses you.
Really read
j - a scroll of teleportation {!r!d, @r3}?
As you read the scroll of teleportation {!r!d, @r3}, it crumbles to dust.
You feel strangely unstable.
You feel the power of the Abyss delaying your translocation!
You hit something. Something barely misses you.
You puncture something! You peck something. Something hits you.
Something hits you!
You take 10 damage, and have 39/60 hp.
You miss something. You claw something. Something hits you. x2
You take 9 damage, and have 30/60 hp.
You miss something. Your kick misses something. Something hits you.
The wretched star pulses with an eldritch light!
You feel yourself wasting away.
You feel your body start to fall apart.
You take 4 damage, and have 26/60 hp.
You hit something. Your kick misses something. Your punch misses something.
Something hits you! Something hits you but does no damage.
You take 6 damage, and have 20/60 hp.
You miss something. You claw something. Something barely misses you. x2
You barely miss the wretched star. Your kick misses the wretched star.
Something hits you.
* * * LOW HITPOINT WARNING * * *
A raiju comes into view.
You take 4 damage, and have 17/60 hp.
A ynoxinul comes into view.
The wretched star pulses with an eldritch light!
You feel frail. x2
Something completely misses you.
The ynoxinul bellows!
Something hits you but does no damage. Something barely misses you.
Something hits you.
Your body deteriorates!
You feel clumsy.
The ynoxinul gestures.
You take 4 damage, and have 15/48 hp.
Something hits you but does no damage. Something hits you.
* * * LOW HITPOINT WARNING * * *
The wretched star glows turbulently.
The lance of force hits you!!
Ouch! That really hurt!
You die...

##..#..##..# ## .
##.....#...# .. ##
#......#.#.### #
.. ##....#3##
#.####.#.
.###...5##.## #...
.## #.#...#..
#.##. .#.
...##.#..*####.# .
... #..#..#.§. §.#
#. . #.§.@.##..h#
.#......
#..##..####.##.#..
## #. #.## ###
##### # ###


You could see a wretched star, a ynoxinul and an ufetubus (summoned).

Vanquished Creatures
  Pikel (D:7)
  Joseph (D:8)
  A steam dragon (D:7)
  Menkaure (D:4)
  An orc warrior (D:6)
  3 ice beasts (D:4 D:6 D:7)
  An ogre (D:6)
  A centaur (D:8)
  4 lemures (D:7)
  A bullfrog (D:8)
  A kobold brigand (D:8)
  2 gnoll sergeants (D:7 D:8)
  4 scorpions (D:4 D:5 D:6)
  6 wights (D:5 D:6 D:7)
  4 killer bees (D:7 D:8)
  3 howler monkeys (D:6 D:8)
  4 orc priests (D:3 D:4 D:5)
  4 hounds (D:4 D:5 D:6)
  4 jellies (D:3 D:6 D:7 D:8)
  2 gnoll boudas (D:5 D:7)
  A sleepcap (D:6)
  6 orc wizards (D:5 D:8)
  Ijyb (D:5)
  An iguana (D:5)
  13 gnolls (D:1 D:5 D:7)
  6 adders (D:3 D:4 D:5 D:6)
  A white imp (D:8)
  An ufetubus (D:6)
  5 dart slugs (D:1 D:2 D:4 D:5)
  26 orcs (D:3 D:2 D:4 D:5 D:6)
  3 endoplasms (D:3)
  5 giant cockroaches (D:1 D:2 D:4)
  5 goblins (D:1 D:2 D:4)
  9 hobgoblins (D:1 D:2 D:3 D:4)
  3 jackals (D:2)
  A quokka (D:2)
  7 ball pythons (D:1 D:2 D:3 D:4)
  4 bats (D:1 D:2 D:3)
  5 frilled lizards (D:1 D:2 D:3)
  6 kobolds (D:1 D:2 D:4 D:8)
  9 rats (D:1 D:2 D:3)
167 creatures vanquished.

Vanquished Creatures (collateral kills)
  2 wights (D:7)
2 creatures vanquished.

Grand Total: 169 creatures vanquished

Notes
Turn   | Place    | Note
-------+----------+-------------------------------------------
     0 | D:1      | Jackthecabe the Tengu Hexslinger began the quest for the
                  | Orb.
     0 | D:1      | Reached XP level 1. HP: 12/12 MP: 3/3
    89 | D:1      | Reached skill level 3 in Ranged Weapons
    89 | D:1      | Reached XP level 2. HP: 10/16 MP: 4/4
   648 | D:1      | Reached skill level 4 in Ranged Weapons
   648 | D:1      | Reached XP level 3. HP: 20/20 MP: 5/5
  1229 | D:2      | Found a faded altar of an unknown god.
  1270 | D:2      | Prayed at the altar of an unknown god.
  1270 | D:2      | Became a worshipper of Elyvilon the Healer
  1270 | D:2      | Reached * piety under Elyvilon
  1906 | D:3      | Found a hazy altar of Hepliaklqana.
  1946 | D:3      | Reached XP level 4. HP: 25/25 MP: 6/6
  2222 | D:3      | HP: 12/25 [orc priest/divine providence (12)]
  2228 | D:2      | Reached skill level 5 in Ranged Weapons
  2343 | D:3      | HP: 4/25 [orc priest/divine providence (10)]
  2412 | D:3      | Gained mutation: Your magical nature lets you fly swiftly
                  | and evasively. [Tengu growth]
  2412 | D:3      | Reached XP level 5. HP: 25/25 MP: 7/7
  2484 | D:3      | Reached ** piety under Elyvilon
  2684 | D:3      | Found a shimmering altar of Xom.
  2755 | D:3      | Reached skill level 6 in Ranged Weapons
  3065 | D:4      | Found a stormy altar of Qazlal.
  3157 | D:4      | HP: 7/29 [orc priest/divine providence (13)]
  3166 | D:4      | Reached XP level 6. HP: 20/34 MP: 8/8
  3307 | D:4      | Noticed Sigmund
  3375 | D:4      | Reached skill level 7 in Ranged Weapons
  3399 | D:4      | Found a staircase to the Ecumenical Temple.
  3452 | D:4      | Noticed Menkaure
  3469 | D:4      | Killed Menkaure
  3546 | D:4      | Reached skill level 8 in Ranged Weapons
  3546 | D:4      | Reached XP level 7. HP: 37/38 MP: 9/9
  3969 | D:4      | Reached *** piety under Elyvilon
  3985 | D:5      | Entered Level 5 of the Dungeon
  4105 | D:4      | Reached skill level 2 in Fighting
  4125 | D:5      | HP: 16/40 [iguana (11)]
  4128 | D:5      | Reached skill level 3 in Fighting
  4234 | D:5      | Learned a level 3 spell: Inner Flame
  4332 | D:5      | Reached skill level 4 in Fighting
  4332 | D:5      | Reached skill level 1 in Invocations
  4403 | D:5      | HP: 19/43 [gnoll/+0 spear[a gnoll bouda] (5)]
  4444 | D:5      | Reached skill level 2 in Invocations
  4675 | D:5      | HP: 21/43 [poisoned by a scorpion]
  4680 | D:5      | Reached skill level 3 in Invocations
  4680 | D:5      | Reached XP level 8. HP: 20/48 MP: 8/11
  4680 | D:5      | HP: 20/48 [poisoned by a scorpion]
  4739 | D:5      | Noticed Ijyb
  4760 | D:5      | Killed Ijyb
  4889 | D:5      | Learned a level 2 spell: Poisonous Vapours
  5096 | D:5      | Found Ketwisae's Antique Weapon Shop.
  5267 | D:6      | Reached skill level 1 in Air Magic
  5267 | D:6      | Reached skill level 1 in Poison Magic
  5288 | D:5      | HP: 21/42 [wight/+2 hand axe (8)]
  5291 | D:5      | Reached skill level 2 in Air Magic
  5514 | D:6      | Reached skill level 4 in Invocations
  5587 | D:6      | HP: 20/42 [wight/+2 flail of freezing (6)]
  5622 | D:6      | Reached skill level 2 in Poison Magic
  5744 | D:6      | HP: 13/43 [orc priest/divine providence (10)]
  5745 | D:6      | HP: 3/43 [something/magic dart (11)]
  5770 | D:6      | Noticed Maggie
  5770 | D:6      | HP: 15/43 [Maggie/bolt of fire (19)]
  5778 | D:5      | HP: 16/43 [orc wizard/magic dart (7)]
  5783 | D:5      | Reached skill level 2 in Spellcasting
  5959 | D:6      | Found a runed translucent door.
  5960 | D:6      | Noticed Crazy Yiuf
  6243 | D:6      | Reached skill level 5 in Fighting
  6466 | D:6      | Reached **** piety under Elyvilon
  6545 | D:6      | Reached skill level 6 in Fighting
  6554 | D:7      | Reached skill level 3 in Air Magic
  6554 | D:7      | Reached XP level 9. HP: 29/55 MP: 2/13
  6673 | D:7      | Reached skill level 3 in Poison Magic
  6973 | D:7      | Reached skill level 4 in Air Magic
  6974 | D:7      | Reached skill level 4 in Poison Magic
  7247 | D:7      | Reached skill level 3 in Dodging
  7307 | D:7      | Found a large runed translucent door.
  7307 | D:7      | Found a large runed translucent door.
  7309 | D:7      | Noticed AverageBear's ghost (novice OpFi)
  7385 | D:7      | Found Duuwk's Specific Store.
  7388 | D:7      | Found Jaumuvuf's General Store.
  7480 | D:7      | Reached skill level 4 in Dodging
  7547 | D:7      | Bought a potion of haste for 150 gold pieces
  7874 | D:8      | Noticed Pikel
  7997 | D:7      | Killed Pikel
  7998 | D:7      | Reached skill level 3 in Hexes
  7998 | D:7      | Reached skill level 3 in Fire Magic
  8433 | D:8      | Reached skill level 4 in Fire Magic
  8568 | D:8      | Noticed Psyche
  8855 | D:8      | Noticed Joseph
  8877 | D:8      | HP: 24/55 [Joseph/sling bullet (7)]
  8885 | D:8      | HP: 19/55 [Joseph/sling bullet (13)]
  9111 | D:8      | Reached skill level 4 in Hexes
  9116 | D:8      | Reached XP level 10. HP: 55/60 MP: 10/14
  9254 | D:8      | Killed Joseph
  9255 | D:8      | Reached skill level 5 in Hexes
  9441 | D:8      | Learned a level 4 spell: Olgreb's Toxic Radiance
  9452 | Abyss:1  | Found a corrupted altar of Lugonu.
  9452 | Abyss:1  | Cast into level 1 of the Abyss (Psyche)
  9460 | Abyss:1  | Found a corrupted altar of Lugonu.
  9492 | Abyss:1  | Noticed a demonic crawler
  9499 | Abyss:1  | HP: 29/60 [demonic crawler (3)]
  9505 | Abyss:1  | Reached ***** piety under Elyvilon
  9559 | Abyss:1  | Noticed a wretched star
  9577 | Abyss:1  | HP: 30/60 [something (5)]
  9584 | Abyss:1  | HP: 15/48 [something (5)]
  9585 | Abyss:1  | Killed from afar by a wretched star

Illustrated notes

Levels and vault maps discovered:
D:1:      minmay_arrival_checkered_box, layout_rooms,
          chequers_serial_rivers_large_b, chequers_serial_rivers_small_3,
          minmay_pentomino_o4
D:2:      layout_loops_corners, shapermc_ecumenical_altar_starsandcircs,
          st_stairs_14, minmay_misc_feat_rugged, nicolae_hexahallways
D:3:      layout_basic, mainiacjoe_overflow_brackets, dk_xom_monty_hall
D:4:      layout_basic, mainiacjoe_overflow_24_doors, temple_pool_b,
          uniq_menkaure, uniq_sigmund
D:5:      layout_loops_ring, serial_shops, nicolae_shop_advertising_works
          [nicolae_subvault_shop_adworks], uniq_ijyb
D:6:      layout_loops_cross, minmay_small_thing, uniq_crazy_yiuf_cottage,
          uniq_maggie
D:7:      layout_rooms, ebering_ghost_disaster_area, nicolae_specific_store
D:8:      layout_gridville, kb_lookout_dungeons_type, st_stairs_6, uniq_pikel,
          uniq_joseph, uniq_psyche
Abyss:1:  base:
D:8

Skill      XL: |  1  2  3  4  5  6  7  8  9 10 |
---------------+-------------------------------+-----
Ranged Weapons | 3 4 5 6 8 |  8.0
Fighting       | 4 6 |  6.1
Invocations    | 3 4 |  4.0
Air Magic      | 3 4 |  4.0
Poison Magic   | 2 4 |  4.0
Spellcasting   | 2 |  2.0
Dodging        | 4 |  4.0
Hexes          | 4 5 |  5.2
Fire Magic     | 4 |  4.0

Action                     |  1- 3 |  4- 6 |  7- 9 | 10-12 || total
---------------------------+-------+-------+-------+-------++-------
  Melee: Dagger            |       |    22 |   126 |       ||   148
         Kick              |       |    10 |    43 |     4 ||    57
         Peck              |       |     3 |    33 |     1 ||    37
         Punch             |       |       |     2 |       ||     2
         Sling             |       |       |     1 |       ||     1
         Short sword       |       |       |    15 |    10 ||    25
   Fire: Sling             |   132 |   121 |   318 |    17 ||   588
   Cast: Slow              |       |     2 |    22 |       ||    24
         Poisonous Vapours |       |       |    56 |     9 ||    65
         Inner Flame       |       |       |     2 |       ||     2
 Invoke: Heal Self         |       |       |     1 |     1 ||     2
  Evoke: Wand              |       |       |     1 |       ||     1
    Use: Scroll            |       |     9 |     1 |     2 ||    12
         Potion            |       |     1 |       |       ||     1
 Armour: Robe              |    19 |       |       |       ||    19
         Leather armour    |       |    11 |    20 |       ||    31
         Ring mail         |       |       |    59 |    21 ||    80
  Dodge: Dodged            |    48 |    24 |   211 |    35 ||   318

Levels and vault maps discovered:
D:1:      minmay_arrival_checkered_box, layout_rooms,
          chequers_serial_rivers_large_b, chequers_serial_rivers_small_3,
          minmay_pentomino_o4
D:2:      layout_loops_corners, shapermc_ecumenical_altar_starsandcircs,
          st_stairs_14, minmay_misc_feat_rugged, nicolae_hexahallways
D:3:      layout_basic, mainiacjoe_overflow_brackets, dk_xom_monty_hall
D:4:      layout_basic, mainiacjoe_overflow_24_doors, temple_pool_b,
          uniq_menkaure, uniq_sigmund
D:5:      layout_loops_ring, serial_shops, nicolae_shop_advertising_works
          [nicolae_subvault_shop_adworks], uniq_ijyb
D:6:      layout_loops_cross, minmay_small_thing, uniq_crazy_yiuf_cottage,
          uniq_maggie
D:7:      layout_rooms, ebering_ghost_disaster_area, nicolae_specific_store
D:8:      layout_gridville, kb_lookout_dungeons_type, st_stairs_6, uniq_pikel,
          uniq_joseph, uniq_psyche
Abyss:1:  base:
D:8

Table legend: (Time is in decaauts)
 A = Elapsed time spent in this place.
 B = Non-inter-level travel time spent in this place.
 C = Inter-level travel time spent in this place.
 D = Time resting spent in this place.
 E = Time spent auto-exploring this place.
 F = Levels seen in this place.
 G = Mean time per level.
                   A        B        C        D        E       F      G
               +--------+--------+--------+--------+--------+-----+--------+
         Total |   9258 |   8847 |    411 |   1117 |   5277 |   9 | 1028.7 |
       Dungeon |   9128 |   8717 |    411 |   1096 |   5277 |   8 | 1141.0 |
         Abyss |    130 |    130 |      0 |     21 |      0 |   1 |  130.0 |
               +--------+--------+--------+--------+--------+-----+--------+

Top non-repeatable levels by time:
     D:7: 1542 daAuts
     D:6: 1369 daAuts
     D:2: 1308 daAuts
     D:4: 1171 daAuts
     D:5: 1138 daAuts
     D:8: 1007 daAuts
     D:1: 810 daAuts
     D:3: 779 daAuts
 Abyss:1: 130 daAuts

Table legend:
 A = Kills in this place as a percentage of kills in the entire game.
 B = Kills by you in this place as a percentage of kills by you in the entire game.
 C = Kills by friends in this place as a percentage of kills by friends in the entire game.
 D = Other kills in this place as a percentage of other kills in the entire game.
 E = Experience gained in this place as a percentage of experience gained in the entire game.
 F = Experience gained in this place divided by the number of levels of this place that you have seen.
                   A       B       C       D       E      F
               +-------+-------+-------+-------+-------+----------------------
         Total | 100.0 | 100.0 | 100.0 |   N/A | 100.0 | 587.7
       Dungeon | 100.0 | 100.0 | 100.0 |   N/A | 100.0 | 661.1
               +-------+-------+-------+-------+-------+----------------------
